AoeStats
← ROKETSAN YeniCeri

Arena

504783686Analyzed
2v2 RM · 25d ago on Sep 6, 2026· 51m 21s· 4 players
Game mode
Random Map
Map size
Medium (4 player)
Population
200
Speed
Normal
Resources
Standard
Victory
Conquest
Starting age
Dark Age
Ending age
Imperial Age
RankedLock teamsTeams togetherTeam positionsShared explorationLock speedFull tech treeHidden civsTurbo modeCheats
Victory
Defeat
🇪🇸 Turks · Spain
893
+16
🇪🇸 Franks · Spain
727
+22
🇮🇳 Vietnamese · India
894
-20
🇩🇪 Turks · Germany
854
-18
ROKETSAN YeniCeri
1:17 Loom
13:12 Feudal Age
20:22 Castle Age
31:13 Imperial Age
29:09 Horse Collar
43:42 Wheelbarrow
Sykik
3:30 Loom
10:44 Feudal Age
15:27 Castle Age
13:17 Double-Bit Axe
14:48 Horse Collar
16:22 Crossbowman
32:33 Imperial Age
30:41 Wheelbarrow
29:59 Pikeman
30:37 Fletching
30:58 Forging
30:49 Scale Mail Armor
32:24 Bloodlines
32:15 Husbandry
33:29 Arbalester
34:15 Thumb Ring
35:34 Ballistics
35:14 Light Cavalry
35:56 Bodkin Arrow
36:08 Scale Barding Armor
36:15 Forging
35:58 Elite Skirmisher
37:07 Chatras
36:54 Imperial Skirmisher
37:37 Padded Archer Armor
40:18 Halberdier
42:46 Elite Battle Elephant
46:21 Chain Mail Armor
46:27 Chain Barding Armor
46:23 Leather Archer Armor
Macedonius
7:50 Loom
11:42 Feudal Age
16:23 Castle Age
14:27 Double-Bit Axe
14:27 Horse Collar
19:44 Bow Saw
23:43 Gold Mining
30:22 Imperial Age
28:33 Padded Archer Armor
28:48 Town Watch
30:15 Leather Archer Armor
31:33 Wheelbarrow
36:16 Conscription
36:13 Elite Janissary
41:02 Hand Cart
41:56 Two-Man Saw
42:13 Ring Archer Armor
42:10 Town Patrol
42:16 Heavy Plow
43:16 Scale Barding Armor
43:48 Bloodlines
43:39 Husbandry
43:52 Forging
45:16 Chain Barding Armor
45:32 Iron Casting
45:07 Heavy Camel Rider
47:32 Fortified Wall
47:43 Ballistics
47:44 Bombard Tower
49:17 Artillery
Tonir
8:39 Loom
12:49 Feudal Age
17:21 Castle Age
15:53 Double-Bit Axe
18:49 Bow Saw
18:32 Gold Mining
20:33 Scale Barding Armor
23:56 Stone Mining
27:02 Murder Holes
28:48 Forging
35:53 Imperial Age
33:35 Fletching
33:38 Gambesons
35:05 Gold Shaft Mining
34:50 Husbandry
34:53 Pikeman
36:41 Chain Barding Armor
37:34 Conscription
36:41 Cavalier
37:39 Halberdier
40:53 Chivalry
41:34 Iron Casting
41:35 Plate Barding Armor
41:00 Scale Mail Armor
41:35 Fortified Wall
41:47 Squires
44:05 Paladin
45:39 Wheelbarrow
45:39 Chain Mail Armor
Connection lost

Rejoining the realm…

Still unreachable

The connection could not be restored.

Session expired

The server has moved on; the page needs a fresh start.